 Dungeon Crawl Stone Soup version 0.23-a0-261-g133332c (webtiles) character file.

5772 Dfrag the Arsonist (level 10, -3/75 HPs)
             Began as a Naga Fire Elementalist on Sept 29, 2018.
             Was a Believer of Makhleb.
             Slain by a two-headed ogre
             ... wielding a +0 giant spiked club
              (27 damage)
             ... on level 9 of the Dungeon.
             The game lasted 00:19:52 (7975 turns).

Dfrag the Arsonist (Naga Fire Elementalist)         Turns: 7975, Time: 00:19:53

Health: -3/75      AC:  8    Str: 13    XL:     10   Next: 78%
Magic:  17/31      EV:  9    Int: 21    God:    Makhleb [**....]
Gold:   240        SH:  0    Dex: 12    Spells: 13/26 levels left

rFire    . . .     SeeInvis +   E - +0 short sword (venom)
rCold    . . .     Gourm    .   (no shield)
rNeg     . . .     Faith    .   H - +0 troll leather armour
rPois    +         Spirit   .   (no helmet)
rElec    .         Reflect  .   r - +2 cloak
rCorr    .         Harm     .   (no gloves)
MR       +....                  (no barding)
Stlth    +++.......             s - amulet of magic regeneration
HPRegen  0.62/turn              F - ring of the Republic {MP+9 Str+2 Int+3}
MPRegen  0.47/turn              x - ring of stealth (curse)

@: very slow
A: large, see invisible, deformed body, poison resistance, slowness 2, slow
metabolism 1, spit poison 1, AC +3
a: Spit Poison, Minor Destruction, Renounce Religion


You were on level 9 of the Dungeon.
You worshipped Makhleb.
Makhleb was pleased with you.
You were not hungry.

You visited 2 branches of the dungeon, and saw 10 of its levels.

You collected 727 gold pieces.
You spent 487 gold pieces at shops.

Inventory:

Hand Weapons
 o - a +1 whip of draining
 E - a +0 short sword of venom (weapon)
Missiles
 L - 4 tomahawks of dispersal (quivered)
Armour
 r - a +2 cloak (worn)
 H - a +0 troll leather armour (worn)
Jewellery
 i - an uncursed ring of protection from fire
 s - an amulet of magic regeneration (around neck)
 x - a cursed ring of stealth (right hand)
 F - the ring of the Republic (left hand) {MP+9 Str+2 Int+3}
   (You bought it in a shop on level 7 of the Dungeon)

   [ring of magical power]

   It affects your strength (+2).
   It affects your intelligence (+3).
   It affects your magic capacity (+9).
 M - an uncursed ring of protection from magic {unknown}
Wands
 y - a wand of iceblast (22)
 C - a wand of paralysis (20)
Scrolls
 k - 4 scrolls of remove curse
 n - 3 scrolls of enchant armour
 p - 2 scrolls of immolation
 t - 3 scrolls of amnesia
 u - 2 scrolls of noise
 v - 5 scrolls of teleportation
 A - a scroll of blinking
 B - 5 scrolls of enchant weapon
 D - a scroll of random uselessness {unknown}
 I - a scroll of holy word {unknown}
 J - a scroll of fog {unknown}
 K - a scroll of magic mapping
Potions
 b - 2 potions of invisibility
 d - a potion of berserk rage
 e - 3 potions of haste
 g - 4 potions of lignification
 h - a potion of might
 j - 2 potions of heal wounds
 l - a potion of cancellation {unknown}
 m - a potion of agility {unknown}
 q - 4 potions of curing
 w - 3 potions of magic
 z - a potion of flight {unknown}
 G - a potion of brilliance {unknown}
Comestibles
 c - 18 rations


   Skills:
 - Level 1.5 Dodging
 - Level 3.0 Stealth
 + Level 8.7 Spellcasting
 + Level 9.2 Conjurations
 + Level 9.7 Fire Magic


You had 13 spell levels left.
You knew the following spells:

 Your Spells              Type           Power        Failure   Level  Hunger
a - Flame Tongue          Conj/Fire      #####        1%          1    None
b - Conjure Flame         Conj/Fire      #####...     1%          3    None
c - Sticky Flame          Conj/Fire      #####...     1%          4    ###....
d - Fireball              Conj/Fire      #####.....   5%          5    #####..

Your spell library contained the following spells:

 Spells                   Type           Power        Failure   Level  Hunger
 Throw Flame              Conj/Fire      #####.       1%          2    None
 Inner Flame              Hex/Fire       ####....     3%          3    None
 Summon Lightning Spire   Summ/Air       #.......     67%         4    ###....
 Conjure Ball Lightning   Conj/Air       ####......   91%         6    ######.
 Silence                  Hex/Air        #.........   95%         5    #####..
 Deflect Missiles         Chrm/Air       #.........   100%        6    ######.
 Tornado                  Air            #.........   100%        9    #######


Dungeon Overview and Level Annotations

Branches:
Dungeon (9/15)             Temple (1/1) D:4            Lair (0/6) D:8
    Orc: D:9-12

Altars:
Cheibriados
Dithmenos
Elyvilon
Fedhas
Gozag
Hepliaklqana
Kikubaaqudgha
Makhleb
Nemelex Xobeh
Okawaru
Qazlal
Ru
Sif Muna
Trog
Uskayaw
Vehumet
Wu Jian
Xom
Zin

Shops:
D:7 =


Innate Abilities, Weirdness & Mutations

You cannot wear boots.
Your serpentine skin is tough. (AC +3)
You have supernaturally acute eyesight. (SInv)
Armour fits poorly on your strangely shaped body.
Your system is resistant to poisons. (rPois)
You cover ground very slowly.
You have a slow metabolism.
You can spit poison.


Message History

Aim: a two-headed ogre, wielding a giant spiked club and a giant club The flame tongue hits the two-headed ogre.
The two-headed ogre is heavily wounded.
The two-headed ogre burns!
The two-headed ogre hits you with a giant spiked club!!
The two-headed ogre hits you but does no damage.
Unknown command.
Okay, then.
The two-headed ogre burns!
Casting: Flame Tongue (safe; 1% risk of failure)
Confirm with . or Enter, or press ? or * to list all spells.
Aiming: Sticky Flame (safe; 1% risk of failure)
Press: ? - help, Shift-Dir - straight line, f/p - two-headed ogre
Aim: a two-headed ogre, wielding a giant spiked club and a giant club (severely The sticky flame hits the two-headed ogre.
The two-headed ogre is severely wounded.
The two-headed ogre is covered in liquid flames!
The two-headed ogre burns!
The two-headed ogre hits you with a giant spiked club!!
You die...

#####.###### #.....
#..........# #.....
#..........# ###.....
#..........# ###.......
#..........###...#.....
#..............###.....
...........##### ######
######.#### # #.cO@.#
#### #)########### #...
#...........### #...
#c............####...
#......>....#....#...
#.......#####.##.'...
#.......# +.####...
#.......# ### #...
#.......# ####


You could see a two-headed ogre (burning) and a centaur.

Vanquished Creatures
  Erolcha (D:9)
  A troll (D:8)
  Prince Ribbit (D:6)
  A hippogriff (D:7)
  Grum (D:8)
  Purgy (D:4)
  2 ice beasts
  2 sky beasts
  A black bear (D:9)
  A necrophage (D:6)
  5 ogres
  3 phantoms
  7 wolves (D:8)
  2 centaurs
  4 bullfrogs
  4 scorpions
  A water moccasin skeleton (D:9)
  4 killer bees (D:5)
  6 electric eels (D:8)
  3 howler monkeys (D:9)
  3 crimson imps
  2 bullfrog zombies
  A bullfrog skeleton (D:7)
  7 hounds
  A jelly (D:4)
  A quasit (D:7)
  4 orc priests
  3 orc wizards
  A centaur skeleton (D:4)
  2 iguanas
  5 worker ants
  Natasha (thrice) (D:3)
  A hound zombie (D:9)
  2 hound skeletons
  A worker ant zombie (D:7)
  7 gnolls
  10 adders
  4 shadow imps
  2 adder skeletons
  2 dart slugs
  A worm (D:5)
  8 leopard geckos
  29 orcs
  4 giant cockroaches
  6 hobgoblins
  14 jackals
  2 quokkas
  A ball python (D:1)
  5 bats
  6 frilled lizards
  7 goblins
  7 kobolds
  A leopard gecko zombie (D:5)
  A quokka zombie (D:5)
  25 rats
230 creatures vanquished.

Vanquished Creatures (others)
  5 toadstools (D:1)
5 creatures vanquished.

Grand Total: 235 creatures vanquished

Notes
Turn   | Place    | Note
-------+----------+-------------------------------------------
     0 | D:1      | Dfrag the Naga Fire Elementalist began the quest for the
                  | Orb.
     0 | D:1      | Reached XP level 1. HP: 15/15 MP: 3/3
   146 | D:1      | Reached XP level 2. HP: 18/22 MP: 0/5
   504 | D:1      | Reached XP level 3. HP: 16/28 MP: 4/6
  1188 | D:2      | Reached XP level 4. HP: 36/36 MP: 3/8
  1562 | D:3      | Noticed Natasha
  1569 | D:3      | Killed Natasha
  1597 | D:3      | Reached XP level 5. HP: 42/42 MP: 6/9
  1780 | D:3      | Noticed Natasha
  1786 | D:3      | Killed Natasha
  1807 | D:3      | Learned a level 3 spell: Conjure Flame
  1809 | D:3      | Noticed Natasha
  1812 | D:3      | Learned a level 4 spell: Sticky Flame
  1816 | D:3      | Killed Natasha
  2215 | D:3      | Found a snail-covered altar of Cheibriados.
  2221 | D:3      | Found a blossoming altar of Fedhas.
  2221 | D:3      | Found an opulent altar of Gozag.
  2225 | D:3      | Found a glowing silver altar of Zin.
  2480 | D:4      | Reached XP level 6. HP: 49/49 MP: 6/11
  2663 | D:4      | Noticed Purgy
  2686 | D:5      | Entered Level 5 of the Dungeon
  2732 | D:5      | Reached skill level 5 in Fire Magic
  2732 | D:5      | Reached XP level 7. HP: 13/55 MP: 2/13
  3372 | D:4      | Found a staircase to the Ecumenical Temple.
  3386 | Temple   | Entered the Ecumenical Temple
  3400 | Temple   | Upgraded the game from 0.23-a0-242-g2b5ca64 to
                  | 0.23-a0-261-g133332c
  3421 | Temple   | Became a worshipper of Makhleb the Destroyer
  3534 | D:4      | Killed Purgy
  3616 | D:4      | Reached skill level 5 in Spellcasting
  3616 | D:4      | Reached XP level 8. HP: 59/62 MP: 10/15
  3800 | D:4      | Reached skill level 5 in Conjurations
  4122 | D:6      | Noticed Prince Ribbit
  4262 | D:6      | Killed Prince Ribbit
  4406 | D:6      | Found an iron altar of Okawaru.
  4641 | D:7      | Found Elu Touvoati's Jewellery Boutique.
  4666 | D:7      | Reached XP level 9. HP: 60/68 MP: 14/18
  4719 | D:7      | Found a white marble altar of Elyvilon.
  4781 | D:7      | Reached * piety under Makhleb
  5118 | D:7      | Learned a level 5 spell: Fireball
  6423 | D:7      | Bought the ring of the Republic {MP+9 Str+2 Int+3} for 487
                  | gold pieces
  6751 | D:8      | Noticed a troll
  6759 | D:8      | Killed a troll
  6759 | D:8      | Reached XP level 10. HP: 68/75 MP: 13/21
  6778 | D:8      | Reached ** piety under Makhleb
  6873 | D:8      | Found a staircase to the Lair.
  6876 | D:8      | Noticed Grum
  6888 | D:8      | Killed Grum
  7367 | D:9      | Noticed Erolcha
  7374 | D:9      | Killed Erolcha
  7969 | D:9      | Noticed a two-headed ogre
  7975 | D:9      | Slain by a two-headed ogre

Vault maps used:
D:1:      ldierk_walled_garden
D:2:      minmay_rat_hole
D:3:      minitemple, first_ration, uniq_natasha
D:4:      minmay_temple_entry_statues_pillars, minmay_misc_feat_diagonals,
          glass_columns_a, uniq_purgy
D:6:      kennysheep_okawaru_gauntlet, uniq_prince_ribbit1
D:7:      elyvilon_altar_5, serial_shops, nicolae_shop_statue_plus
D:8:      erik_lair_island, st_stairs_4, uniq_grum
D:9:      serial_corexii_hall, corexii_hall_statues_u, corexii_hall_statues_s,
          corexii_hall_statues_i, corexii_hall_statues_u,
          corexii_hall_statues_l, corexii_hall_statues_deadend,
          roderic_lattice_a, the_bakery, minmay_the_grid_2x2, uniq_psyche,
          uniq_erolcha
Temple:   compressed_dpeg_circular_temple

Skill      XL: |  1  2  3  4  5  6  7  8  9 10 |
---------------+-------------------------------+-----
Conjurations   | 2 3 4 6 8 9 |  9.2
Spellcasting   | 3 4 5 6 7 8 |  8.7
Fire Magic     | 4 5 7 8 9 |  9.7
Dodging        | |  1.5
Stealth        | |  3.0

Action                   |  1- 3 |  4- 6 |  7- 9 | 10-12 || total
-------------------------+-------+-------+-------+-------++-------
Melee: Unarmed           |    10 |       |       |       ||    10
       Whip              |     6 |    45 |    17 |       ||    68
       Short sword       |       |       |    88 |   101 ||   189
 Cast: Flame Tongue      |    40 |    58 |   167 |    33 ||   298
       Conjure Flame     |       |     3 |     1 |     1 ||     5
       Sticky Flame      |       |     2 |    33 |    16 ||    51
       Fireball          |       |       |     1 |    12 ||    13
 Abil: Spit Poison       |    27 |    13 |    10 |     1 ||    51
  Use: Scroll            |       |     6 |     7 |     4 ||    17
  Eat: Chunk             |     2 |     6 |    17 |     7 ||    32
Armor: Robe              |     9 |     9 |    62 |       ||    80
       Troll leather arm |       |       |       |    59 ||    59
Dodge: Dodged            |    31 |    40 |   111 |    62 ||   244

Table legend:
 A = Non-vault XP
 B = Vault XP
 C = Vault XP percentage of total XP
 D = Non-vault monster count
 E = Vault monster count
 F = Vault count percentage of total count
                 A         B        C        D         E       F
            +---------+---------+-------+---------+---------+-------
      Total |    5308 |    2938 |  35.6 |     191 |      39 |  17.0
            +---------+---------+-------+---------+---------+-------
        D:1 |      44 |       0 |   0.0 |      28 |       0 |   0.0
        D:2 |      54 |      20 |  27.0 |      17 |      19 |  52.8
        D:3 |     134 |      35 |  20.7 |      18 |       1 |   5.3
        D:4 |     406 |     134 |  24.8 |      15 |       1 |   6.2
        D:5 |     888 |       0 |   0.0 |      37 |       0 |   0.0
        D:6 |     637 |     259 |  28.9 |      12 |       1 |   7.7
        D:7 |    1408 |       0 |   0.0 |      29 |       0 |   0.0
        D:8 |     772 |    1417 |  64.7 |      14 |      14 |  50.0
        D:9 |     965 |    1073 |  52.6 |      21 |       3 |  12.5
            +---------+---------+-------+---------+---------+-------
